 Dungeon Crawl Stone Soup version 0.30.0-11-gf55b779eaf (webtiles) character file.

Game seed: 4211562981252680469

4 Esekla the Grave Robber (level 1, 0/12 HPs)
             Began as an Octopode Necromancer on May 17, 2023.
             Slain by a quokka (4 damage)
             ... on level 1 of the Dungeon.
             The game lasted 00:01:24 (499 turns).

Esekla the Grave Robber (Octopode Necromancer)       Turns: 499, Time: 00:01:25

Health: 0/12       AC:  1    Str:  7    XL:     1   Next: 70%
Magic:  3/3        EV: 13    Int: 17    God:
Gold:   10         SH:  0    Dex: 12    Spells: 3/4 levels left

rFire   . . .        i - +0 dagger
rCold   + . .        (no shield)
rNeg    . . .        (helmet restricted)
rPois   .            b - amulet of the acrobat
rElec   .            e - ring of protection from cold
rCorr   .            (no ring)
SInv    .            (no ring)
Will    .....        (no ring)
Stlth   +++          (no ring)
HPRegen 0.22/turn    (no ring)
MPRegen 0.08/turn    (no ring)
                     (no ring)

%: acrobat
@: no status effects
A: almost no armour, amphibious, 8 rings, camouflage 1, gelatinous body 1,
(nimble swimmer 1), tentacles
a: no special abilities


You were on level 1 of the Dungeon.
You visited 1 branch of the dungeon, and saw 1 of its levels.

You collected 10 gold pieces.

Inventory:

Hand Weapons
 i - a +0 dagger (weapon)
Jewellery
 b - an amulet of the acrobat (around mantle)
 e - a ring of protection from cold (left tentacle)
Scrolls
 d - a scroll of fog {unknown}
 g - a scroll of immolation {unknown}
Potions
 a - a potion of magic
 c - a potion of curing {unknown}
 f - 2 potions of heal wounds {unknown}
 h - a potion of might {unknown}


   Skills:
 * Level 0.4 Fighting
 * Level 2.0 Dodging
 + Level 2.7 Stealth
 * Level 2.0 Spellcasting
 + Level 4.1 Necromancy


You had 3 spell levels left.
You knew the following spells:

 Your Spells              Type           Power      Damage    Failure   Level
a - Necrotise             Necr           60%        1d7       3%          1

Your spell library contained the following spells:

 Spells                   Type           Power      Damage    Failure   Level
 Vampiric Draining        Necr           15%        2d7       11%         3
 Animate Dead             Necr           15%        N/A       34%         4
 Agony                    Necr           15%        N/A       69%         5


Dungeon Overview and Level Annotations

Branches:
Dungeon (1/15)

Altars:


Innate Abilities, Weirdness & Mutations

You cannot wear most types of armour.
You are amphibious.
You can wear up to eight rings at the same time.
Your skin changes colour to match your surroundings (Stealth+).
Your rubbery body absorbs attacks. (AC +1, EV +1)
((You are camouflaged when in or above water. (Stealth+)))
You have tentacles for arms and can constrict up to eight enemies at once.


Message History

The rat bites you.
You tentacle-slap the rat.
You kill the rat!
The helpless ball python fails to defend itself.
You tentacle-slap the ball python. Your grab misses the ball python.
You squeeze the ball python.
You kill the ball python!
You see here a ball python corpse.
g - a scroll labelled AWKEC EMOMO
Found a glowing red potion.
You enter the deep water.
Found a dagger.
h - a glowing red potion
Found 10 gold pieces.
You see here a +0 dagger.
i - a +0 dagger
i - a +0 dagger (weapon)
You now have 10 gold pieces.
You enter the deep water.
Found 2 stones and a chain mail.
You enter the deep water.
You enter the deep water.
Found 4 stones.
A quokka comes into view.
Found 7 gold pieces.
The quokka completely misses you.
You miss the quokka. Your grab misses the quokka.
You squeeze the quokka, but do no damage.
The quokka bites you. x2
You hit the quokka. Your grab misses the quokka.
The quokka is moderately wounded.
The quokka misses you.
You hit the quokka. You grab the quokka.
The quokka is severely wounded.
You constrict the quokka, but do no damage.
The quokka bites you.
You hit the quokka but do no damage. Your squeeze misses the quokka.
The quokka is heavily wounded.
You constrict the quokka, but do no damage.
The quokka bites you.
You die...

#... #.(# #..#
#..# #..# #..#
#..# #
#..#####..# .#
#..##..$..# ..#
#..##.#.r.##...#
#..##.#..@..#
#..##.#...#.#
#..##.###.#.###.
#..............#
#.........###.##
#####.###.##...##
#.# #.#..... #.#
#....... #.#
#.#....


You could see a quokka.

Vanquished Creatures
  2 jackals (D:1)
  A ball python (D:1)
  A frilled lizard (D:1)
  A rat (D:1)
5 creatures vanquished.

Notes
Turn   | Place    | Note
-------+----------+-------------------------------------------
     0 | D:1      | Esekla the Octopode Necromancer began the quest for the
                  | Orb.
     0 | D:1      | Reached XP level 1. HP: 11/11 MP: 3/3
   499 | D:1      | Slain by a quokka

Illustrated notes

Levels and vault maps discovered:
D:1:      mushboom_english_gardens, layout_loops_ring,
          nicolae_kite_square_tiling_tiny

Action                     || total
---------------------------++-------
  Melee: Unarmed           ||    11
         Dagger            ||     4
         Constrict         ||     4
         Tentacles         ||     4
   Stab: Sleeping          ||     1
 Armour: Skin              ||     2
  Dodge: Dodged            ||     7
